 Dungeon Crawl Stone Soup version 0.27-a0-1200-g94dc6ad (webtiles) character file.

Game seed: 5968108543824534601

18 Meow the Stinger (level 2, 0/22 HPs)
             Began as a Naga Venom Mage on May 31, 2021.
             Slain by a goblin
             ... wielding a +0 dagger
              (3 damage)
             ... on level 1 of the Dungeon.
             The game lasted 00:02:25 (506 turns).

Meow the Stinger (Naga Venom Mage)                   Turns: 506, Time: 00:02:26

Health: 0/22       AC:  1    Str: 10    XL:     2   Next: 66%
Magic:  5/5        EV:  9    Int: 15    God:
Gold:   56         SH:  0    Dex: 11    Spells: 5/6 levels left

rFire    . . .     SeeInvis +   a - staff of air
rCold    . . .     Faith    .   (no shield)
rNeg     . . .     Spirit   .   b - +0 robe
rPois    +         Reflect  .   (no helmet)
rElec    +         Harm     .   (no cloak)
rCorr    .         Rampage  .   (no gloves)
Will     .....                  (no barding)
Stlth    ++........             (no amulet)
HPRegen  0.07/turn              (no ring)
MPRegen  0.09/turn              (no ring)

@: short of breath, very slow
A: AC +0, large, see invisible, deformed body, poison resistance, slowness 2,
spit poison 1, naga tail 1
a: Spit Poison


You were on level 1 of the Dungeon.
You visited 1 branch of the dungeon, and saw 1 of its levels.

You collected 56 gold pieces.

Inventory:

Hand Weapons
 c - a +0 dagger
 e - a +0 club
Armour
 b - a +0 robe (worn)
Magical Staves
 a - a staff of air (weapon)
Scrolls
 d - a scroll of teleportation {unknown}
 f - a scroll of identify {unknown}


   Skills:
 - Level 1.5 Dodging
 - Level 3.0 Stealth
 + Level 2.5 Spellcasting
 + Level 1.4 Conjurations
 - Level 1.0 Transmutations
 - Level 4.0 Poison Magic


You had 5 spell levels left.
You knew the following spells:

 Your Spells              Type           Power      Damage    Failure   Level
a - Sting                 Tmut/Pois      36%        1d4       8%          1

Your spell library contained the following spells:

 Spells                   Type           Power      Damage    Failure   Level
 Poisonous Vapours        Pois/Air       22%        N/A       14%         2
 Mephitic Cloud           Conj/Pois/Air  11%        N/A       30%         3
 Ignite Poison            Fire/Tmut/Pois 6%         N/A       32%         3
 Olgreb's Toxic Radiance  Pois           13%        N/A       38%         4


Dungeon Overview and Level Annotations

Branches:
Dungeon (1/15)

Altars:


Innate Abilities, Weirdness & Mutations

Your serpentine skin is tough. (AC +0)
You have supernaturally acute eyesight. (SInv)
Armour fits poorly on your strangely shaped body.
Your system is resistant to poisons. (rPois)
You cover ground very slowly.
You can spit poison.
You have a snake-like lower body.


Message History

Unknown command.
You have got your breath back.
The goblin hits you with a +0 dagger.
You kill the goblin!
Magic restored.
f - a scroll labelled OFUSHO SONO A goblin comes into view.
It is wielding a +0 dagger.
Press: ? - help, Shift-Dir - straight line, f - goblin
Aim: a goblin, wielding a +0 dagger The splash of poison misses the goblin.
You hear a shout!
A gnoll comes into view. It is wielding a +0 whip.
You have got your breath back.
Press: ? - help, Shift-Dir - straight line, f - gnoll, p - goblin
Aim: a gnoll, wielding a +0 whip The splash of poison misses the gnoll.
The goblin hits you with a +0 dagger.
You have got your breath back.
The gnoll closely misses you.
Press: ? - help, Shift-Dir - straight line, f/p - gnoll
Aim: a gnoll, wielding a +0 whip The splash of poison hits the gnoll!
The gnoll is heavily wounded.
The goblin barely misses you. The gnoll hits you with a +0 whip.
Unknown command.
The goblin hits you with a +0 dagger. The gnoll hits you with a +0 whip!
There is a stone staircase leading down, spattered with blood here.
The goblin misses you.
You have got your breath back.
The gnoll hits you but does no damage.
Press: ? - help, Shift-Dir - straight line, f/p - gnoll
Aim: a gnoll, wielding a +0 whip (heavily wounded)
The splash of poison hits the gnoll.
The gnoll is poisoned.
The gnoll is severely wounded.
The goblin misses you. The gnoll hits you with a +0 whip!
* * * LOW HITPOINT WARNING * * *
Unknown command.
The goblin hits you with a +0 dagger.
You die...

#.# ##### #.# #...# #.# #...#
#.# ################...# #.#
.............>gg@..# #.####
...............###.# #....##
#############...##.####.##†.#
#...............#
#..#'#'#'#'#'#..#
##.#.#.#†#.#.#).#
#)###########.## #.# #.#.#.#
#.# #+#+#'#'#.#


You could see a gnoll (poisoned) and a goblin.

Vanquished Creatures
  A giant cockroach (D:1)
  3 goblins (D:1)
  3 hobgoblins (D:1)
  A quokka (D:1)
  3 ball pythons (D:1)
  7 rats (D:1)
18 creatures vanquished.

Vanquished Creatures (others)
  2 withered plants (D:1)
2 creatures vanquished.

Grand Total: 20 creatures vanquished

Notes
Turn   | Place    | Note
-------+----------+-------------------------------------------
     0 | D:1      | Meow the Naga Venom Mage began the quest for the Orb.
     0 | D:1      | Reached XP level 1. HP: 15/15 MP: 3/3
   202 | D:1      | Reached skill level 1 in Conjurations
   202 | D:1      | Reached XP level 2. HP: 22/22 MP: 5/5
   255 | D:1      | Found a faded altar of an unknown god.
   506 | D:1      | Slain by a goblin

Illustrated notes

Levels and vault maps discovered:
D:1:      sevenhm_arrival_forest_fort_small_5, layout_basic,
          ebering_ecumenical_altar_petrified, minmay_rat_gold_closets

Skill      XL: |  1 |
---------------+----+-----
Conjurations   | 1 |  1.4
Dodging        | |  1.5
Stealth        | |  3.0
Spellcasting   | |  2.5
Transmutations | |  1.0
Poison Magic   | |  4.0

Action                   || total
-------------------------++-------
 Cast: Sting             ||     6
 Abil: Spit Poison       ||    24
Armor: Robe              ||     1
Dodge: Dodged            ||     6

Table legend: (Time is in decaauts)
 A = Elapsed time spent in this place.
 B = Non-inter-level travel time spent in this place.
 C = Inter-level travel time spent in this place.
 D = Time resting spent in this place.
 E = Time spent auto-exploring this place.
 F = Levels seen in this place.
 G = Mean time per level.
                   A        B        C        D        E       F      G
               +--------+--------+--------+--------+--------+-----+--------+
         Total |    643 |    643 |      0 |     73 |    365 |   1 |  643.0 |
       Dungeon |    643 |    643 |      0 |     73 |    365 |   1 |  643.0 |
               +--------+--------+--------+--------+--------+-----+--------+

Top non-repeatable levels by time:
     D:1: 643 daAuts
